 Dungeon Crawl Stone Soup version 0.17.0-17-ge4ba49f (webtiles) character file.

840 Leibowitz the Ducker (level 8, -1/49 HPs)
             Began as a Kobold Berserker on Nov 11, 2015.
             Was a Priest of Trog.
             Splashed by a jelly's acid (6 damage)
             ... on level 5 of the Dungeon.
             The game lasted 00:14:26 (4961 turns).

Leibowitz the Ducker (Kobold Berserker)             Turns: 4961, Time: 00:14:27

Health: -1/49      AC: -16   Str: 19    XL:     8   Next: 19%
Magic:  8/8        EV: 20    Int: 10    God:    Trog [***...]
Gold:   277        SH:  0    Dex: 18    Spells: 0 memorised, 7 levels left

rFire  . . .     SeeInvis .     a - +1 short sword
rCold  . . .     Clarity  .     b - +0 animal skin
rNeg   + . .     SustAt   .     (shield restricted)
rPois  .         Gourm    .     m - +2 helmet of Decompression {*Corrode +Fly Str+4 Int+5}
rElec  .         Spirit   .     w - +0 cloak
rCorr  .         Warding  .     (no gloves)
rMut   .         Stasis   .     l - +0 pair of boots
MR     .....                    u - amulet of regeneration
Stlth  +++.......               (no ring)
                                r - ring of positive energy

@: corroded equipment, not resistant to hostile enchantments, fairly stealthy
A: carnivore 3, sense surroundings 1
a: Berserk, Trog's Hand, Burn Spellbooks, Renounce Religion, Evoke Flight


You were on level 5 of the Dungeon.
You worshipped Trog.
Trog was most pleased with you.
You were very full.

You visited 1 branch of the dungeon, and saw 5 of its levels.

You collected 277 gold pieces.

Inventory:

Hand Weapons
 a - a +1 short sword (weapon)
Armour
 b - a +0 animal skin (worn)
 l - a +0 pair of boots (worn)
 m - the +2 helmet of Decompression (worn) {*Corrode +Fly Str+4 Int+5}
   (You found it on level 4 of the Dungeon)

   It affects your strength (+4).
   It affects your intelligence (+5).
   It lets you fly.
   It may corrode your equipment when you take damage.
 w - a +0 cloak (worn)
Jewellery
 r - a ring of positive energy (left hand)
 u - an amulet of regeneration (around neck)
Wands
 d - a wand of polymorph (12)
 j - a wand of fireball (9)
Scrolls
 g - a scroll of remove curse
 i - 3 scrolls of identify
 n - a scroll of fear
 q - a scroll of teleportation
Potions
 e - a potion of lignification
 h - 3 potions of haste
 k - a potion of magic
Books
 p - a book of Cantrips

   Spells                             Type                      Level
   a - Corona                         Hexes                        1
   b - Animate Skeleton               Necromancy                   1
   c - Summon Small Mammal            Summoning                    1
   d - Apportation                    Translocation                1
   Trog disapproves of the use of such an item.
Comestibles
 c - 7 meat rations
 f - a slice of pizza
 o - 2 beef jerkies


   Skills:
 + Level 5.3 Fighting
 + Level 6.3 Short Blades
 + Level 1.7 Armour
 + Level 7.3 Dodging
 * Level 4.4 Stealth


You had 7 spell levels left.
You didn't know any spells.

Dungeon Overview and Level Annotations

Branches:
Dungeon (5/15)             Temple (0/1) D:4

Altars:
Fedhas
Qazlal


Innate Abilities, Weirdness & Mutations

You are small and have problems with some larger weapons.
You are carnivorous and can eat meat at any time.
You passively map a small area around you.


Message History

The jelly completely misses you.
You hit the jelly but do no damage.
Your hands burn!
The jelly is severely wounded.
The jelly closely misses you.
You hit the jelly but do no damage.
Your hands burn!
The jelly is severely wounded.
You hit the jelly. The acid corrodes you!
Your hands burn!
The jelly is severely wounded.
The jelly hits you.
You are splashed with acid!
The acid burns!
* * * LOW HITPOINT WARNING * * *
You completely miss the jelly.
The jelly is severely wounded.
The jelly completely misses you.
You hit the jelly but do no damage. The acid corrodes you!
Your hands burn!
* * * LOW HITPOINT WARNING * * *
The jelly is severely wounded.
The jelly hits you.
* * * LOW HITPOINT WARNING * * *
You are splashed with acid!
The acid corrodes you!
The acid burns!
You die...

.........#
#...........
+#########
#........###
* * ,, ,
,#........# ,
,#\.......# ,
#........#
*###........#
* *
#......#+#...
* *,
#......#, , ,
, , ,
,+.....@# *
#.....J# * *
......... * ,
..........# ,
, * , ,
,..........#
* *
.........#
#######+## ,
, , , , , ,


You could see a jelly.

Vanquished Creatures
  Grinder (D:4)
  Edmund (D:5)
  2 scorpions (D:4)
  A hound (D:4)
  A crimson imp (D:5)
  3 orc priests (D:4)
  Crazy Yiuf (D:3)
  Ijyb (D:3)
  An iguana (D:5)
  Natasha (thrice) (D:3)
  An orc wizard (D:4)
  A hound skeleton (D:4)
  2 adders
  An ooze (D:2)
  2 worms (D:2)
  6 giant geckos
  13 orcs
  A ball python (D:3)
  3 giant cockroaches
  8 goblins
  8 hobgoblins
  3 jackals (D:1)
  5 kobolds
  A quokka (D:3)
  9 bats
  5 giant newts
  5 rats
89 creatures vanquished.

Notes
Turn   | Place    | Note
--------------------------------------------------------------
     0 | D:1      | Leibowitz the Kobold Berserker began the quest for the Orb.
     0 | D:1      | Reached XP level 1. HP: 14/14 MP: 1/1
   265 | D:1      | Reached XP level 2. HP: 16/19 MP: 2/2
   686 | D:1      | Reached XP level 3. HP: 16/24 MP: 3/3
   892 | D:2      | Reached ** piety under Trog
  1399 | D:2      | Found a stormy altar of Qazlal.
  1416 | D:2      | Found a blossoming altar of Fedhas.
  1532 | D:2      | Reached XP level 4. HP: 29/29 MP: 4/4
  1552 | D:2      | Reached skill level 1 in Stealth
  1906 | D:3      | Noticed Natasha
  1913 | D:3      | Killed Natasha
  2157 | D:3      | Reached XP level 5. HP: 33/33 MP: 5/5
  2251 | D:3      | Noticed Ijyb
  2294 | D:3      | Killed Ijyb
  2684 | D:3      | Noticed Natasha
  2704 | D:3      | Killed Natasha
  2917 | D:3      | Noticed Crazy Yiuf
  2928 | D:3      | Killed Crazy Yiuf
  3196 | D:3      | Gained mutation: You are frail (-10% HP). [potion of mutation]
  3196 | D:3      | Gained mutation: You possess an exceptional clarity of mind. [potion of mutation]
  3196 | D:3      | Gained mutation: You passively map a small area around you. [potion of mutation]
  3197 | D:3      | Lost mutation: You are frail (-10% HP). [potion of mutation]
  3197 | D:3      | Lost mutation: You possess an exceptional clarity of mind. [potion of mutation]
  3254 | D:3      | Noticed Natasha
  3263 | D:3      | Killed Natasha
  3321 | D:4      | Reached skill level 5 in Short Blades
  3321 | D:4      | Reached skill level 5 in Dodging
  3321 | D:4      | Reached XP level 6. HP: 26/39 MP: 6/6
  3338 | D:4      | Found a staircase to the Ecumenical Temple.
  3806 | D:4      | Got a faintly humming helmet
  3812 | D:4      | Identified the +2 helmet of Decompression {*Corrode +Fly Str+4 Int+5} (You found it on level 4 of the Dungeon)
  3818 | D:4      | Noticed Grinder
  3828 | D:4      | Paralysed by Grinder for 6 turns
  3837 | D:4      | Killed Grinder
  3837 | D:4      | Reached skill level 5 in Fighting
  3837 | D:4      | Reached skill level 6 in Dodging
  3837 | D:4      | Reached XP level 7. HP: 44/44 MP: 7/7
  3985 | D:4      | Reached *** piety under Trog
  4422 | D:5      | Entered Level 5 of the Dungeon
  4429 | D:5      | Noticed Edmund
  4490 | D:5      | Killed Edmund
  4490 | D:5      | Reached skill level 7 in Dodging
  4490 | D:5      | Reached XP level 8. HP: 12/49 MP: 8/8
  4961 | D:5      | Splashed by a jelly's acid

Action                   |  1- 3 |  4- 6 |  7- 9 || total
-------------------------+-------+-------+-------++-------
Melee: Short sword       |   138 |   242 |   164 ||   544
       Unarmed           |       |     2 |       ||     2
Invok: Trog's Hand       |     1 |       |       ||     1
       Berserk           |       |     3 |     2 ||     5
Evoke: Wand              |       |     1 |       ||     1
  Use: Potion            |       |    11 |     2 ||    13
       Scroll            |       |     6 |     2 ||     8
 Stab: Sleeping          |     2 |     3 |     2 ||     7
       Distracted        |       |       |     1 ||     1
  Eat: Chunk             |     9 |    11 |     5 ||    25
